 Dungeon Crawl Stone Soup version 0.27.1-2-g3b301248ec (webtiles) character file.

Game seed: 16868806835151266421

63 pkoi the Skirmisher (level 3, -1/32 (33) HPs)
             Began as a Minotaur Fighter on Sept 30, 2021.
             Slain by Crazy Yiuf (5 damage)
             ... on level 2 of the Dungeon.
             The game lasted 00:01:56 (2363 turns).

pkoi the Skirmisher (Minotaur Fighter)              Turns: 2363, Time: 00:01:57

HP:   -1/32 (33)    AC: 13    Str: 21    XL:     3   Next: 87%
MP:   2/2           EV:  7    Int:  5    God:
Gold: 71            SH:  9    Dex:  9    Spells: 2/2 levels left

rFire    . . .     SeeInvis .   a - +0 long sword
rCold    + . .     Faith    .   c - +0 kite shield
rNeg     . . .     Spirit   .   b - +0 scale mail
rPois    .         Reflect  .   (helmet restricted)
rElec    .         Harm     .   (no cloak)
rCorr    .         Rampage  .   l - +2 pair of gloves
Will     .....                  h - +2 pair of boots
Stlth    ..........             (no amulet)
HPRegen  0.10/turn              i - ring of protection from cold
MPRegen  0.08/turn              (no ring)

@: lightly drained
A: horns 2, retaliatory headbutt
a: no special abilities


You were on level 2 of the Dungeon.
You visited 1 branch of the dungeon, and saw 2 of its levels.

You collected 71 gold pieces.

Inventory:

Hand Weapons
 a - a +0 long sword (weapon)
Armour
 b - a +0 scale mail (worn)
 c - a +0 kite shield (worn)
 h - a +2 pair of boots (worn)
 l - a +2 pair of gloves (worn)
Jewellery
 i - a ring of protection from cold (left hand)
Scrolls
 e - a scroll of magic mapping {unknown}
 f - a scroll of summoning
 k - a scroll of enchant weapon {unknown}
Potions
 d - a potion of might
 g - a potion of heal wounds {unknown}
 j - 2 potions of attraction {unknown}
 m - a potion of curing {unknown}
 n - a potion of brilliance {unknown}


   Skills:
 + Level 4.2 Fighting
 * Level 4.0 Long Blades
 - Level 3.8 Armour
 + Level 4.2 Shields


You had 2 spell levels left.
You didn't know any spells.
Your spell library contained the following spells:

 Spells                   Type           Power      Damage    Failure   Level
 Corpse Rot               Necr/Air       N/A        N/A       100%        2
 Dispel Undead            Necr           0%         3d6       100%        4
 Death Channel            Necr           0%         N/A       100%        6


Dungeon Overview and Level Annotations

Branches:
Dungeon (2/15)

Altars:
Sif Muna

Annotations:
D:2 Crazy Yiuf


Innate Abilities, Weirdness & Mutations

You have a pair of horns on your head.
You reflexively headbutt those who attack you in melee.


Message History

You block the ball python's attack. The ball python grabs you.
The ball python constricts you.
The ball python bites you but does no damage.
The ball python constricts you.
You closely miss the ball python.
The ball python is severely wounded.
The ball python bites you but does no damage.
The ball python constricts you.
The ball python bites you but does no damage.
The ball python constricts you.
You hit the ball python.
You kill the ball python!
There is a large open door here.
There is a large open door here.
You see here an adder skeleton.
Key pressed, stopping explore.
Crazy Yiuf shouts!
Crazy Yiuf grits, "Trifle!"
Crazy Yiuf screams, "Tonal!"
Could not explore, unopened runed door.
You open the door. You closely miss Crazy Yiuf.
Crazy Yiuf cries, "Ice snockshim horse!"
You block Crazy Yiuf's attack.
You hit Crazy Yiuf.
Crazy Yiuf is lightly wounded.
Crazy Yiuf barely misses you.
You closely miss Crazy Yiuf.
Crazy Yiuf is lightly wounded.
Crazy Yiuf hits you with a +3 quarterstaff of chaos! x2
* * * LOW HITPOINT WARNING * * *
You hit Crazy Yiuf but do no damage.
Crazy Yiuf is lightly wounded.
Crazy Yiuf closely misses you.
You slash Crazy Yiuf!
Crazy Yiuf is heavily wounded.
Crazy Yiuf hits you with a +3 quarterstaff of chaos!
* * * LOW HITPOINT WARNING * * *
You feel drained.
You die...

#.###....#
### #.#
#....#
##.####.#
♣....♣
####.#.....#
♣...♣♣ ######
......#.÷..#
♣♣.♣♣ #....#
#######.####
♣.♣♣ ####.#
#.# ♣♣.♣ #.#
# #.# ♣.♣♣
#.# ## #.#
♣♣@♣ #.# .###
#.# #g# ##.##
.>.# ##.##
...
###...######
.#.###...###
#...#
#...........
...........#
#..)#
###...#####.
.........###
#####
##.######.
##.####....#
#.# #....
#.##...######
### #.# #.###
#.##...# #.#
#.# #.# #.#


You could see Crazy Yiuf.

Vanquished Creatures
  An adder (D:2)
  2 worms (D:2)
  6 endoplasms
  7 giant cockroaches (D:1)
  4 goblins
  2 hobgoblins
  A quokka (D:1)
  7 ball pythons
  2 bats (D:2)
  6 frilled lizards
  4 kobolds
  3 rats
45 creatures vanquished.

Notes
Turn   | Place    | Note
-------+----------+-------------------------------------------
     0 | D:1      | pkoi the Minotaur Fighter began the quest for the Orb.
     0 | D:1      | Reached XP level 1. HP: 19/19 MP: 0/0
   353 | D:1      | Reached XP level 2. HP: 15/27 MP: 1/1
  1120 | D:1      | Reached XP level 3. HP: 33/33 MP: 2/2
  1515 | D:2      | Found a shimmering blue altar of Sif Muna.
  1728 | D:2      | Found a faded altar of an unknown god.
  2157 | D:2      | Found a runed translucent door.
  2158 | D:2      | Noticed Crazy Yiuf
  2363 | D:2      | Slain by Crazy Yiuf

Illustrated notes

Levels and vault maps discovered:
D:1:      minmay_arrival_three_doors, layout_basic, minmay_worlds_worst_comb
D:2:      layout_loops_ring, hellmonk_ecumenical_altar_zigzags, basic_altar,
          kennysheep_generic_room_6, uniq_crazy_yiuf_cottage

Skill      XL: |  1  2  3 |
---------------+----------+-----
Long Blades    | 3 4 |  4.0
Fighting       | 4 |  4.2
Shields        | 4 |  4.2
Armour         | |  3.8

Action                   || total
-------------------------++-------
Melee: Long sword        ||   100
       Headbutt          ||    12
  Use: Scroll            ||     1
Armor: Scale mail        ||    41
Dodge: Dodged            ||    20
Block: Kite shield       ||    52
       Rpst.: Long sword ||     3
